 Seeded DCSS version 0.29-a0-323-g050149af67 (webtiles) character file.

Game seed: 20220404 (custom seed)

128797 a11behringer the Executioner (level 17, -20/135 HPs)
             Began as a Formicid Fighter on Apr 4, 2022.
             Was an Initiate of Gozag.
             Killed from afar by a deep elf knight (28 damage)
             ... with a shard of ice
             ... on level 2 of the Elven Halls on Apr 11, 2022.
             The game lasted 01:26:23 (26874 turns).

a11behringer the Executioner (Formicid Fighter)    Turns: 26874, Time: 01:26:23

Health: -20/135    AC: 39    Str: 33    XL:     17   Next: 59%
Magic:  17/17      EV:  6    Int: 13    God:    Gozag
Gold:   3146       SH: 21    Dex: 10    Spells: 16/16 levels left

rFire   + . .      SeeInvis +   s - +8 executioner's axe (vorpal)
rCold   . . .      Faith    .   O - +5 tower shield
rNeg    . . .      Spirit   .   b - +8 orange crystal plate armour {Archmagi, Int+3 Clar}
rPois   +          Reflect  .   (helmet unavailable)
rElec   .          Harm     .   V - +2 cloak {rPois}
rCorr   .          Rampage  .   m - +2 pair of gloves
Will    ++++.      Archmagi +   (no boots)
Stlth   .......... Clarity  +   u - amulet of regeneration
HPRegen 1.12/turn               R - +6 ring of strength
MPRegen 0.15/turn               v - ring of Fahuc {Contam +Blink rF+ Will+++ Stlth-}

@: gold aura, studying 2 skills
A: permanent stasis, dig shafts and tunnels, antennae 3, four strong arms
a: Dig, Shaft Self, Renounce Religion, Potion Petition, Call Merchant, Bribe
Branch


You were on level 2 of the Elven Halls.
You worshipped Gozag.
Gozag was most pleased with you.
You visited 4 branches of the dungeon, and saw 24 of its levels.
You also visited: Gauntlet and Ice Cave.

You collected 9436 gold pieces.
You spent 1901 gold pieces at shops.
You paid 4389 gold pieces to Gozag.

Inventory:

Hand Weapons
 r - a +0 vorpal hunting sling
 s - a +8 vorpal executioner's axe (weapon)
 I - a +1 whip of electrocution
 S - a +1 glaive of flaming
Missiles
 l - 70 poisoned darts (quivered)
 N - 6 silver javelins
Armour
 b - the +8 orange crystal plate armour (worn) {Archmagi, Int+3 Clar}
   (You acquired it in a Gauntlet)

   Int:       It affects your intelligence (+3).
   Clar:      It protects you against confusion.
 m - a +2 pair of gloves (worn)
 n - a +2 kite shield of cold resistance
 G - a +4 plate armour of poison resistance
 K - a +2 leather armour of positive energy
 O - a +5 tower shield (worn)
 V - a +2 cloak of poison resistance (worn)
Magical Staves
 e - a staff of poison
 Y - a staff of cold
Jewellery
 g - an amulet of reflection
 i - a ring of willpower
 o - the ring "Fuehapul" {+Blink rN+ EV+4 Dex+5}
   (You found it in an ice cave)

   [ring of evasion]

   EV:        It affects your evasion (+4).
   Dex:       It affects your dexterity (+5).
   rN:        It protects you from negative energy.
   +Blink:    It lets you blink.
 p - the ring "Rath" {rC+ Dex+3}
   (You found it in an ice cave)

   [ring of protection from cold]

   Dex:       It affects your dexterity (+3).
   rC:        It protects you from cold.
 u - an amulet of regeneration (around neck)
 v - the ring of Fahuc (right hand) {Contam +Blink rF+ Will+++ Stlth-}
   (You found it in an ice cave)

   [ring of protection from fire]

   rF:        It protects you from fire.
   +Blink:    It lets you blink.
   Contam:    It causes magical contamination when unequipped.
   Will:      It greatly increases your willpower.
   Stlth:     It makes you less stealthy.
 w - a +6 ring of strength
 y - a +4 ring of evasion
 A - a +4 ring of evasion
 C - a ring of flight
 E - a ring of protection from cold
 P - a ring of protection from cold
 R - a +6 ring of strength (left hand)
Wands
 c - a wand of mindburst (10)
 x - a wand of iceblast (18)
 L - a wand of polymorph (19)
 M - a wand of digging (6)
 Q - a wand of flame (42)
Scrolls
 a - 5 scrolls of identify
 f - a scroll of holy word
 q - 6 scrolls of fog
 z - a scroll of fear
 B - 4 scrolls of summoning
 F - a scroll of silence
 J - 5 scrolls of magic mapping
 W - 2 scrolls of enchant armour
Potions
 d - 6 potions of might
 h - 2 potions of brilliance
 j - 5 potions of flight
 k - 14 potions of curing
 t - 11 potions of ambrosia
 D - 3 potions of heal wounds
 X - a potion of resistance
Miscellaneous
 U - a tin of tremorstones (2/2)
 Z - a piece from Xom's chessboard (14/15)


   Skills:
 + Level 12.5 Fighting
 + Level 22.1 Axes
 + Level 2.1(14.7) Polearms
 + Level 0.4 Throwing
 * Level 15.9 Armour
 + Level 1.4 Dodging
 + Level 12.9 Shields
 * Level 7.6 Evocations


You had 16 spell levels left.
You didn't know any spells.
Your spell library contained the following spells:

 Spells                   Type           Power      Damage    Failure   Level
 Apportation              Tloc           0%         N/A       100%        1
 Freeze                   Ice            0%         1d3       100%        1
 Magic Dart               Conj           0%         1d3       100%        1
 Slow                     Hex            0%         N/A       100%        1
 Corpse Rot               Necr/Air       0%         N/A       100%        2
 Searing Ray              Conj           0%         2d4       100%        2
 Static Discharge         Conj/Air       0%         N/A       100%        2
 Confusing Touch          Hex            0%         N/A       100%        3
 Conjure Flame            Conj/Fire      0%         6-21      100%        3
 Ignite Poison            Fire/Tmut/Pois 0%         N/A       100%        3
 Inner Flame              Hex/Fire       0%         N/A       100%        3
 Vampiric Draining        Necr           0%         2d6       100%        3
 Cause Fear               Hex            0%         N/A       100%        4
 Dispel Undead            Necr           0%         3d6       100%        4
 Hailstorm                Conj/Ice       0%         3d3       100%        4
 Sticky Flame             Conj/Fire      0%         2d3       100%        4
 Summon Ice Beast         Ice/Summ       0%         N/A       100%        4
 Summon Lightning Spire   Summ/Air       0%         N/A       100%        4
 Alistair's Intoxication  Tmut/Pois      0%         N/A       100%        5
 Freezing Cloud           Conj/Ice/Air   0%         6-21      100%        5
 Summon Forest            Summ/Tloc      0%         N/A       100%        5
 Death Channel            Necr           0%         N/A       100%        6
 Eringya's Noxious Bog    Tmut/Pois      0%         N/A       100%        6
 Iron Shot                Conj/Erth      0%         9d1       100%        6
 Simulacrum               Ice/Necr       0%         N/A       100%        6
 Summon Hydra             Summ           0%         N/A       100%        7
 Discord                  Hex            0%         N/A       100%        8
 Ignition                 Fire           0%         3d3       100%        8


Dungeon Overview and Level Annotations

Branches:
Dungeon (15/15)            Temple (0/1) D:6            Lair (5/6) D:8
  Swamp (0/4) Lair:4        Snake (0/4) Lair:4        Slime (0/5) Lair:5
    Orc (2/2) D:11            Elf (2/3) Orc:2        Vaults (0/5) D:14
 Depths (0/4) D:15          IceCv (visited)         Gauntlet (visited)

Altars:
Gozag
Makhleb
Okawaru
Qazlal
Uskayaw
Vehumet
Beogh
Jiyva

Shops:
D:1 *   D:3 :   D:7 !   D:11 !   Orc:1 *   Orc:2 ([?=   Lair:2 =

Portals:
Trove: D:13 (show slimy rune of Zot)


Innate Abilities, Weirdness & Mutations

You cannot be hasted, slowed, berserked, paralysed or teleported.
You can dig through walls and to a lower floor.
You have a pair of large antennae on your head. (SInv)
Your four strong arms can wield two-handed weapons with a shield.


Message History

The orc knight roars a battlecry!
The orc knights go into a battle-frenzy!
The +2 vampiric halberd closely misses you.
You block the water elemental's attack.
Okay, then.
You make a move on Xom's chessboard...
The water elemental is unaffected.
* * * LOW HITPOINT WARNING * * *
Your lungs strain for air!
You block the orc knight's attack.
The orc knight hits you but does no damage.
You block the +2 vampiric halberd's attack.
The water elemental closely misses you.
You slice the water elemental!!
You destroy the water elemental!
You gasp with relief as air once again reaches your lungs.
You slice the orc knight!! You slash the orc knight!
You kill the orc knight!
You hit the orc knight but do no damage.
You block the +2 vampiric halberd's attack.
The orc knight hits you with a +0 broad axe!
* * * LOW HITPOINT WARNING * * *
You block the orc knight's attack.
The +2 vampiric halberd hits you but does no damage.
The deep elf knight attacks as you move away!
The deep elf knight hits you but does no damage.
The orc knight no longer looks unusually strong. x2
The orc knight roars a battlecry!
The orc knights go into a battle-frenzy!
The orc knight is distracted by your dazzling golden aura.
The orc knight barely misses you.
The deep elf knight gestures at you while chanting.
The shard of ice hits you!!
* * * LOW HITPOINT WARNING * * *
The orc knight shouts!
You see here 17 gold pieces.
The +2 vampiric halberd is distracted by your dazzling golden aura.
The deep elf knight points at you and mumbles some strange words.
The shard of ice hits you!!
You die...
Your body crumbles into a pile of gold.

# #.## ..8... #.#
{..... #.## #''3# #
##.#### #(.o# # ##....#
#o$o# # ##.###.# #.$o#
# #.#...## #oe.# #
#.#...## #...# $
###.#...## ##@..#
.....###.# #....#
........## #.####
####..### #.# #..#
##.## #..########...##
#..##......###.##
####...#.###.#...#.####
......#..###.#)>.#.#...


You could see 4 orc knights, a deep elf knight (fast, invisible), a neqoxec
(summoned), an orc sorcerer (strong) and a +2 vampiric halberd (unaware).

Vanquished Creatures
  An azure jelly (IceCv)
  An emperor scorpion (D:15)
  3 deep elf sorcerers
  A quicksilver ooze (IceCv)
  A dire elephant (D:15)
  A minotaur (Gauntlet)
  Snorg (Lair:3)
  Josephine (Orc:2)
  A great orb of eyes (Gauntlet)
  2 vault guards (D:14)
  A catoblepas (Lair:5)
  4 hydras
  3 boulder beetles
  An ogre mage (D:15)
  13 two-headed ogres
  5 centaur warriors
  A tengu warrior (D:15)
  5 death yaks
  12 deep elf knights
  2 orc high priests (Orc:2)
  Lodul (D:14)
  A sixfirhy (Gauntlet)
  7 skeletal warriors
  7 deep elf archers
  5 orc knights
  Pikel (D:6)
  11 deep elf zephyrmancers
  19 deep elf pyromancers
  7 orc sorcerers
  7 cyclopes
  4 manticores
  14 ugly things
  4 elephants (Lair:3)
  Maurice (D:9)
  3 ice statues (IceCv)
  5 black mambas
  2 torpor snails
  A black mamba (shapeshifter) (D:13)
  Joseph (D:10)
  8 cane toads
  2 gargoyles
  An unseen horror (shapeshifter) (D:13)
  A yaktaur (shapeshifter) (Elf:1)
  An efreet (D:14)
  An unseen horror (D:11)
  A komodo dragon (Lair:1)
  5 entropy weaver simulacra (IceCv)
  A tengu conjurer (D:13)
  A queen bee (Lair:2)
  3 trolls
  Grinder (D:4)
  3 polar bears
  Prince Ribbit (Lair:3)
  20 blink frogs
  6 dream sheep (Lair:5)
  A hornet (D:8)
  33 slime creatures
  5 air elementals
  6 wyverns
  A spriggan (Lair:3)
  3 water elementals
  5 wraiths
  50 yaks
  2 fire elementals
  A basilisk (shapeshifter) (D:13)
  9 humans (D:14)
  2 basilisks
  3 steam dragons
  7 wargs
  4 vampire mosquitoes (D:8)
  3 small abominations (Gauntlet)
  3 demonic crawler simulacra (IceCv)
  A large abomination (Gauntlet)
  A naga (Lair:4)
  2 acid dragons
  Duvessa (D:4)
  12 water moccasins
  23 orc warriors
  5 black bears
  2 ice beasts
  10 ogres
  3 sky beasts
  24 wolves
  5 centaurs
  3 ugly thing simulacra (IceCv)
  2 lemures (D:6)
  5 kobold brigands
  17 bullfrogs
  Blork the orc (D:5)
  A necrophage (D:6)
  2 earth elementals (Elf:2)
  3 gnoll sergeants
  2 glowing shapeshifter simulacra (IceCv)
  5 scorpions (D:5)
  Dowan (D:4)
  36 killer bees
  7 electric eels
  4 howler monkeys
  28 orc priests
  2 hounds
  2 iguanas (D:5)
  32 orc wizards
  Natasha (thrice) (D:4)
  13 gnolls
  7 adders
  A shadow imp (D:6)
  14 white imps
  2 ufetubi (Gauntlet)
  The ghost of soylentgreeen202 the Sneak, a weakling NaDe (D:5)
  A dart slug (D:2)
  2 worms (D:3)
  77 orcs
  4 bats
  5 endoplasms
  2 giant cockroaches
  13 goblins
  7 hobgoblins
  3 jackals (D:5)
  20 kobolds
  5 quokkas
  5 ball pythons
  2 frilled lizards
  7 rats
791 creatures vanquished.

Vanquished Creatures (others)
  6 dancing weapons
  A deep elf zephyrmancer (Elf:2)
  A water elemental (Elf:2)
  A human (D:14)
  A demonic crawler simulacrum (IceCv)
  A demonic plant (Gauntlet)
  22 fungi
  12 plants
45 creatures vanquished.

Grand Total: 836 creatures vanquished

Notes
Turn   | Place    | Note
-------+----------+-------------------------------------------
     0 | D:1      | a11behringer the Formicid Fighter began the quest for the
                  | Orb.
     0 | D:1      | Reached XP level 1. HP: 18/18 MP: 1/1
   167 | D:1      | Reached XP level 2. HP: 21/24 MP: 2/2
   203 | D:1      | Found a faded altar of an unknown god.
   417 | D:1      | Found Goapadgh's Assorted Antiques.
   828 | D:1      | Reached XP level 3. HP: 29/29 MP: 3/3
  1353 | D:2      | Reached skill level 3 in Axes
  1778 | D:2      | Reached XP level 4. HP: 34/36 MP: 4/4
  2360 | D:3      | Found Omots's Book Boutique.
  2746 | D:3      | Identified a scroll of acquirement
  2746 | D:3      | Acquired a +4 vorpal executioner's axe
  2977 | D:4      | Found an opulent altar of Gozag.
  2981 | D:4      | Found a radiant altar of Vehumet.
  2983 | D:4      | Became a worshipper of Gozag Ym Sagoz the Greedy
  2999 | D:4      | Reached skill level 4 in Axes
  2999 | D:4      | Reached XP level 5. HP: 33/42 MP: 5/5
  3119 | D:4      | Got the Reference Book on Lethal Fire
  3326 | D:4      | Noticed Natasha
  3329 | D:4      | Killed Natasha
  3390 | D:4      | Noticed a black bear
  3393 | D:4      | Noticed Grinder
  3399 | D:4      | Killed a black bear
  3400 | D:4      | Reached skill level 5 in Axes
  3400 | D:4      | Reached XP level 6. HP: 27/48 MP: 6/6
  3411 | D:4      | Killed Grinder
  3412 | D:4      | Reached skill level 6 in Axes
  3412 | D:4      | Reached XP level 7. HP: 22/54 MP: 7/7
  3413 | D:4      | Noticed Natasha
  3422 | D:4      | Killed Natasha
  3635 | D:4      | Noticed Duvessa
  3637 | D:4      | Noticed Natasha
  3637 | D:4      | Noticed Dowan
  3637 | D:4      | Noticed a steam dragon
  3641 | D:4      | Killed Duvessa
  3644 | D:4      | Killed Natasha
  3647 | D:4      | Killed a steam dragon
  3648 | D:4      | Reached XP level 8. HP: 30/60 MP: 8/8
  3650 | D:4      | Reached skill level 7 in Axes
  3654 | D:4      | Killed Dowan
  3655 | D:4      | Reached skill level 5 in Shields
  4312 | D:5      | Entered Level 5 of the Dungeon
  4529 | D:5      | Found a hide-covered altar of Uskayaw.
  4610 | D:5      | Noticed Blork the orc
  4613 | D:5      | Killed Blork the orc
  4614 | D:5      | Reached skill level 8 in Axes
  4625 | D:5      | Found a runed translucent door.
  4632 | D:5      | Noticed soylentgreeen202's ghost (weakling NaDe)
  4742 | D:5      | Found an iron altar of Okawaru.
  4903 | D:5      | Reached XP level 9. HP: 66/66 MP: 9/9
  5014 | D:5      | Reached skill level 9 in Axes
  5304 | D:5      | Killed soylentgreeen202's ghost
  5454 | D:6      | Reached skill level 5 in Fighting
  5454 | D:6      | Reached skill level 5 in Armour
  5730 | D:6      | Found a staircase to the Ecumenical Temple.
  5735 | D:6      | Reached skill level 10 in Axes
  5877 | D:1      | Bought a shiny plate armour for 468 gold pieces
  6069 | D:6      | Found a stormy altar of Qazlal.
  6188 | D:6      | Noticed Pikel
  6200 | D:6      | Killed Pikel
  6612 | D:7      | Reached skill level 11 in Axes
  6612 | D:7      | Reached XP level 10. HP: 74/74 MP: 10/10
  6665 | D:7      | Reached skill level 1 in Dodging
  6770 | D:7      | Found Xoufesof's Distillery.
  6781 | D:7      | Bought a potion of heal wounds for 75 gold pieces
  7407 | D:8      | Reached skill level 12 in Axes
  7623 | D:8      | Noticed a death yak
  7624 | D:8      | Noticed a death yak
  7625 | D:8      | Found a staircase to the Lair.
  7625 | D:8      | Noticed a death yak
  7631 | D:8      | Killed a death yak
  7634 | D:8      | Killed a death yak
  7635 | D:8      | Reached skill level 13 in Axes
  7635 | D:8      | Killed a death yak
  7636 | D:8      | Reached XP level 11. HP: 72/81 MP: 11/11
  7776 | D:8      | Reached skill level 14 in Axes
  8498 | D:9      | Noticed Maurice
  8515 | D:9      | Killed Maurice
  8582 | D:9      | Reached skill level 15 in Axes
  9248 | D:10     | Entered Level 10 of the Dungeon
  9467 | D:10     | Found a burning altar of Makhleb.
  9591 | D:10     | Reached XP level 12. HP: 91/91 MP: 12/12
 10019 | D:10     | Noticed Joseph
 10030 | D:10     | Killed Joseph
 10685 | D:11     | Reached skill level 16 in Axes
 10743 | D:11     | Found a gate leading to a gauntlet.
 10756 | Gauntlet | Entered a Gauntlet
 10756 | Gauntlet | Noticed a catoblepas
 10756 | Gauntlet | Found a transporter.
 10756 | Gauntlet | Found a transporter.
 10756 | Gauntlet | Found a transporter.
 10756 | Gauntlet | Found a transporter.
 10766 | Gauntlet | Found a transporter.
 10767 | Gauntlet | Found a transporter.
 10772 | Gauntlet | Noticed a sixfirhy
 10775 | Gauntlet | Noticed a fire crab
 10776 | Gauntlet | Found a transporter.
 10780 | Gauntlet | Found a transporter.
 10780 | Gauntlet | Found a transporter.
 10780 | Gauntlet | Found a transporter.
 10782 | Gauntlet | Found a large runed translucent door.
 10783 | Gauntlet | Found a large runed translucent door.
 10784 | Gauntlet | Found a large runed translucent door.
 10784 | Gauntlet | Found a large runed translucent door.
 10784 | Gauntlet | Found a runed translucent door.
 10784 | Gauntlet | Found a runed translucent door.
 10785 | Gauntlet | Found a large runed translucent door.
 10785 | Gauntlet | Found a large runed translucent door.
 10785 | Gauntlet | Found a large runed translucent door.
 10785 | Gauntlet | Found a large runed translucent door.
 10786 | Gauntlet | Found a large runed translucent door.
 10786 | Gauntlet | Found a large runed translucent door.
 10786 | Gauntlet | Found a large runed translucent door.
 10787 | Gauntlet | Found a large runed translucent door.
 10787 | Gauntlet | Found a large runed translucent door.
 10788 | Gauntlet | Found a runed translucent gate.
 10788 | Gauntlet | Found a runed translucent gate.
 10788 | Gauntlet | Found a runed translucent gate.
 10788 | Gauntlet | Noticed a great orb of eyes
 10795 | Gauntlet | Found a transporter.
 10795 | Gauntlet | Noticed a death yak
 10795 | Gauntlet | Noticed a death yak
 10798 | Gauntlet | Noticed a death yak
 10800 | Gauntlet | Noticed a death yak
 10801 | Gauntlet | Found a transporter.
 10978 | Gauntlet | Killed a sixfirhy
 11167 | Gauntlet | Found a large runed translucent door.
 11169 | Gauntlet | Found a large runed translucent door.
 11169 | Gauntlet | Found a large runed translucent door.
 11183 | Gauntlet | Killed a great orb of eyes
 11213 | Gauntlet | Acquired the +8 orange crystal plate armour {Archmagi,
                  | Int+3 Clar}
 11213 | Gauntlet | Found the +8 orange crystal plate armour {Archmagi, Int+3
                  | Clar}
 11439 | Gauntlet | Noticed a minotaur
 11453 | Gauntlet | Killed a minotaur
 11986 | D:11     | Found a staircase to the Orcish Mines.
 12246 | D:11     | Noticed a two-headed ogre
 12248 | D:11     | Killed a two-headed ogre
 12249 | D:11     | Reached skill level 17 in Axes
 12484 | D:11     | You fall into a shaft and drop 1 floor!
 12506 | D:12     | Noticed a two-headed ogre
 12510 | D:12     | Killed a two-headed ogre
 12511 | D:12     | Reached XP level 13. HP: 85/98 MP: 13/13
 12905 | D:12     | Noticed a boulder beetle
 12918 | D:12     | Killed a boulder beetle
 13153 | D:12     | Noticed a boulder beetle
 13174 | D:12     | Killed a boulder beetle
 13742 | D:11     | Bought a potion of heal wounds for 85 gold pieces
 13742 | D:11     | Bought a potion of flight for 51 gold pieces
 13742 | D:11     | Bought a potion of ambrosia for 136 gold pieces
 13742 | D:11     | Bought a potion of might for 68 gold pieces
 15035 | D:13     | Noticed a four-headed hydra
 15043 | D:13     | Killed a one-headed hydra
 15127 | D:13     | Noticed a centaur warrior
 15134 | D:13     | Killed a centaur warrior
 15293 | D:13     | Found a portal to a secret trove of treasure.
 15298 | D:13     | Reached skill level 18 in Axes
 15634 | D:13     | Identified the +8 chain mail of Hairiness {Stlth+}
 15916 | D:14     | Noticed a centaur warrior
 15927 | D:14     | Killed a centaur warrior
 16268 | D:14     | Noticed a centaur warrior
 16274 | D:14     | Killed a centaur warrior
 16361 | D:14     | Acquired a manual of Armour
 16406 | D:14     | Noticed a centaur warrior
 16417 | D:14     | Killed a centaur warrior
 16418 | D:14     | Reached XP level 14. HP: 88/106 MP: 14/14
 16560 | D:14     | Noticed Lodul
 16564 | D:14     | Reached skill level 19 in Axes
 16570 | D:14     | Killed Lodul
 16588 | D:14     | Reached skill level 10 in Armour
 16980 | D:14     | Found a gate to the Vaults.
 17294 | D:15     | Entered Level 15 of the Dungeon
 17690 | D:15     | Reached skill level 10 in Fighting
 17797 | D:15     | Found a staircase to the Depths.
 17797 | D:15     | Noticed a dire elephant
 17798 | D:15     | Noticed an emperor scorpion
 17810 | D:15     | Killed a dire elephant
 17817 | D:15     | Killed an emperor scorpion
 18247 | D:15     | Reached skill level 20 in Axes
 18315 | D:15     | Reached skill level 10 in Shields
 18315 | D:15     | Reached XP level 15. HP: 106/115 MP: 15/15
 18813 | Lair:1   | Entered Level 1 of the Lair of Beasts
 19919 | Lair:2   | Acquired 809 gold pieces
 19931 | Lair:2   | Bought a ring of willpower for 325 gold pieces
 20364 | Lair:2   | Reached skill level 1 in Evocations
 20505 | Lair:3   | Noticed Snorg
 20519 | Lair:3   | Reached skill level 1 in Polearms
 20529 | Lair:3   | Killed Snorg
 20866 | Lair:3   | Found a dark tunnel.
 20975 | Lair:3   | Noticed Prince Ribbit
 20997 | Lair:3   | Killed Prince Ribbit
 21194 | Lair:3   | Identified the +4 dagger of Kismet {venom, Str+5}
 21579 | Lair:4   | Found a staircase to the Swamp.
 21884 | Lair:4   | Found a staircase to the Snake Pit.
 21917 | Lair:4   | You fall into a shaft and drop 1 floor!
 21919 | Lair:5   | Found a frozen archway.
 21984 | IceCv    | Entered an ice cave
 22291 | IceCv    | Reached XP level 16. HP: 22/125 MP: 16/16
 22695 | IceCv    | Noticed an azure jelly
 22709 | IceCv    | Killed an azure jelly
 22849 | IceCv    | Found a viscous altar of Jiyva.
 22869 | IceCv    | Identified the ring "Fuehapul" {+Blink rN+ EV+4 Dex+5}
 22875 | IceCv    | Got the Volume of Cold
 22877 | IceCv    | Got the ring "Rath" {rC+ Dex+3}
 22878 | IceCv    | Identified the ring of Fahuc {Contam +Blink rF+ Will+++
                  | Stlth-}
 22955 | IceCv    | Reached skill level 21 in Axes
 23556 | Lair:5   | Found a staircase to the Slime Pits.
 23556 | Lair:5   | Found a viscous altar of Jiyva.
 24113 | Orc:1    | Entered Level 1 of the Orcish Mines
 24409 | Orc:2    | Entered Level 2 of the Orcish Mines
 24409 | Orc:2    | Found a staircase to the Elven Halls.
 24411 | Orc:2    | Reached skill level 5 in Evocations
 24886 | Orc:2    | Found Xaysaof's Antique Armour Boutique.
 24886 | Orc:2    | Found Idesch's Jewellery Shop.
 24950 | Orc:2    | Found Anuxuros's Magic Scroll Shop.
 24960 | Orc:2    | Found Heaxtyev's Weapon Boutique.
 24971 | Orc:2    | Bought a ring of flight for 245 gold pieces
 25043 | Orc:2    | Noticed Josephine
 25046 | Orc:2    | Killed Josephine
 25318 | Orc:1    | Found Macloes's Assorted Antiques.
 25328 | Orc:1    | Bought a potion of might for 128 gold pieces
 25328 | Orc:1    | Bought a potion of heal wounds for 160 gold pieces
 25400 | Orc:1    | Upgraded the game from 0.29-a0-321-gf1c400731a to
                  | 0.29-a0-323-g050149af67
 25407 | Orc:1    | Bought an agate ring for 160 gold pieces
 25427 | Elf:1    | Entered Level 1 of the Elven Halls
 25507 | Elf:1    | Noticed a deep elf sorcerer
 25513 | Elf:1    | Killed a deep elf sorcerer
 25901 | Elf:1    | Reached skill level 15 in Armour
 25910 | Elf:1    | Reached XP level 17. HP: 133/133 MP: 17/17
 26014 | Elf:1    | Got the Compendium of Conjuration and Creation
 26722 | Elf:2    | Reached skill level 22 in Axes
 26872 | Elf:2    | HP: 6/135 [deep elf knight/shard of ice (19)]
 26874 | Elf:2    | Killed from afar by a deep elf knight

Illustrated notes

Levels and vault maps discovered:
D:1:      elethiomel_arrival_quiet, layout_basic, ebering_ecumenical_altar_mist,
          serial_shops, nicolae_lakefront_shop, minmay_cut_off
D:2:      layout_basic
D:3:      layout_basic, serial_shops, shop
D:4:      layout_cave_pods, grunt_temple_overflow_open, uniq_grinder,
          uniq_natasha, uniq_duvessa
D:5:      layout_rooms, kennysheep_okawaru_gauntlet, nicolae_uskayaw_dance_hall,
          ebering_ghost_reflecting_pool, uniq_blork_the_orc
D:6:      layout_cave_pods, nicolae_qazlal_general_emergency, temple_fountains,
          uniq_pikel
D:7:      layout_gridville, serial_shops, nicolae_shop_hallway_plus,
          kennysheep_generic_room_8
D:8:      layout_rooms, dpeg_lair_monsters
D:9:      layout_loops_ring, grunt_ministairs_13, uniq_maurice
D:10:     minmay_skewed_foursquare, layout_stronghold,
          mainiacjoe_overflow_small_starburst, uniq_joseph
D:11:     layout_basic, erik_orc_3, gauntlet_entry_generic
D:12:     layout_stronghold
D:13:     layout_cave_pools, enter_trove_1, minmay_misc_feat_four_crosses
D:14:     layout_rooms, ximxim_vaults_locker_room, kennysheep_cross_bottleneck,
          uniq_lodul
D:15:     hangedman_depths_entry_try_elsewhere_first, layout_loops_ring,
          chequers_avenue, hangedman_decor_riveting
Lair:1:   layout_regular_city, fungi_pond_lemuel, lemuel_fruit_fields,
          infiniplex_staircase_pool, lemuel_fruit_tree
Lair:2:   layout_roguey [special_room_bee], grunt_megastairs_4
Lair:3:   layout_cave_pods, nicolae_volcano_entry_hallway,
          grunt_forest_stairs_clearing, serial_bayou_shore_a,
          uniq_prince_ribbit2, uniq_snorg
Lair:4:   layout_regular_city, swamp_mist_pool, guppyfry_snake_entry_island
Lair:5:   layout_regular_city, slime_altar_1, portal_ice_cave_entry_imps,
          lemuel_old_faithful
Orc:1:    layout_caves, serial_shops, nicolae_shop_overgrown_old_shop,
          lightli_orcish_oven
Orc:2:    st_orc_mages, layout_caves, basic_altar, minmay_orc_temple_c,
          uniq_josephine
Elf:1:    eino_elf_arrival_sip, layout_geoelf_grid, minmay_elf_sorcery,
          grunt_ministairs_15
Elf:2:    nicolae_elf_blades_crystal_corner, layout_loops_cross,
          nicolae_elf_theology_debate

Skill      XL: |  1  2  3  4  5  6  7  8  9 10 11 12 13 14 15 16 17 |
---------------+----------------------------------------------------+-----
Axes           | 3 4 5 6 8 11 13 15 17 18 20 21 22 | 22.1
Shields        | 4 5 6 7 8 9 10 11 12 | 12.9
Armour         | 4 5 6 7 9 11 13 15 | 15.9
Fighting       | 4 5 6 7 8 10 11 12 | 12.5
Dodging        | 1 |  1.4
Evocations     | 3 6 7 |  7.6
Polearms       | 1 2 |  2.1
Throwing       | |  0.4

Action                   |  1- 3 |  4- 6 |  7- 9 | 10-12 | 13-15 | 16-18 || total
-------------------------+-------+-------+-------+-------+-------+-------++-------
Melee: War axe           |   107 |    46 |       |       |       |       ||   153
       Executioner's axe |       |    42 |   144 |   364 |   624 |   446 ||  1620
       Glaive            |       |       |       |       |    19 |     9 ||    28
Throw: Dart              |       |       |     6 |       |       |       ||     6
Invok: Potion Petition   |       |       |       |     2 |     3 |     3 ||     8
       Call Merchant     |       |       |       |       |     2 |       ||     2
 Abil: Dig               |     1 |       |     1 |       |       |     4 ||     6
Evoke: Piece from Xom's  |       |       |       |       |       |     1 ||     1
  Use: Scroll            |     5 |     6 |     4 |    12 |    12 |       ||    39
       Potion            |       |     1 |     1 |     3 |     1 |     1 ||     7
 Stab: Distracted        |       |       |       |     6 |     9 |     5 ||    20
       Invisible         |       |       |       |       |       |     7 ||     7
Armor: Scale mail        |    36 |    25 |       |       |       |       ||    61
       Chain mail        |       |    14 |    11 |       |       |       ||    25
       Plate armour      |       |       |    43 |   125 |       |       ||   168
       Crystal plate arm |       |       |       |    34 |   260 |   169 ||   463
       Skin              |       |       |       |       |       |     1 ||     1
Dodge: Dodged            |    53 |    44 |    69 |   135 |   124 |    36 ||   461
Block: Buckler           |    46 |    50 |   111 |   210 |   105 |       ||   522
       Reflection        |     1 |       |       |     6 |    18 |     2 ||    27
       Tower shield      |       |       |       |       |   451 |   387 ||   838

Table legend: (Time is in decaauts)
 A = Elapsed time spent in this place.
 B = Non-inter-level travel time spent in this place.
 C = Inter-level travel time spent in this place.
 D = Time resting spent in this place.
 E = Time spent auto-exploring this place.
 F = Levels seen in this place.
 G = Mean time per level.
                   A        B        C        D        E       F      G
               +--------+--------+--------+--------+--------+-----+--------+
         Total |  27206 |  24834 |   2372 |      0 |  20159 |  26 | 1046.4 |
       Dungeon |  18064 |  16315 |   1749 |      0 |  13751 |  15 | 1204.3 |
          Lair |   4087 |   3790 |    297 |      0 |   3049 |   5 |  817.4 |
  Orcish Mines |   1317 |   1212 |    105 |      0 |    853 |   2 |  658.5 |
   Elven Halls |   1452 |   1231 |    221 |      0 |    794 |   2 |  726.0 |
      Ice Cave |   1128 |   1128 |      0 |      0 |    852 |   1 | 1128.0 |
      Gauntlet |   1155 |   1155 |      0 |      0 |    860 |   1 | 1155.0 |
               +--------+--------+--------+--------+--------+-----+--------+

Top non-repeatable levels by time:
    D:11: 2250 daAuts
    D:14: 1435 daAuts
     D:4: 1385 daAuts
    D:15: 1358 daAuts
    D:12: 1338 daAuts
    D:10: 1242 daAuts
     D:2: 1235 daAuts
     D:1: 1227 daAuts
     D:5: 1174 daAuts
Gauntlet: 1155 daAuts
   IceCv: 1128 daAuts
     D:9: 1108 daAuts
  Lair:3: 1093 daAuts
   Elf:1: 1089 daAuts
     D:6: 978 daAuts
